 Dungeon Crawl Stone Soup version 0.26.1-11-gd32895ea62 (webtiles) character file.

Game seed: 1580908243449826205

5140 nothank2 the Carver (level 10, -5/85 HPs)
             Began as a Formicid Fighter on July 14, 2021.
             Was a Believer of the Shining One.
             Slain by a ten-headed hydra (9 damage)
             ... on level 1 of the Lair of Beasts.
             The game lasted 00:26:17 (10463 turns).

nothank2 the Carver (Formicid Fighter)             Turns: 10463, Time: 00:26:17

Health: -5/85      AC: 24    Str: 24    XL:     10   Next: 89%
Magic:  7/10       EV:  9    Int:  8    God:    the Shining One [**....]
Gold:   628        SH: 16    Dex: 10    Spells: 9/9 levels left

rFire    . . .     SeeInvis +   T - +1 flail (protect)
rCold    . . .     Faith    .   c - +0 kite shield
rNeg     + . .     Spirit   .   M - +0 plate armour
rPois    .         Reflect  .   (helmet unavailable)
rElec    .         Harm     .   f - +2 cloak
rCorr    .         Rampage  .   N - +0 pair of gloves
Will     +....                  j - +0 pair of boots
Stlth    ..........             (no amulet)
HPRegen  0.24/turn              G - +4 ring of slaying
MPRegen  0.12/turn              p - +4 ring of evasion

@: mighty, divine shield, protection aura, glowing
A: permanent stasis, dig shafts and tunnels, four strong arms, antennae 3
a: Dig, Shaft Self, Renounce Religion, Divine Shield


You were on level 1 of the Lair of Beasts.
You worshipped the Shining One.
The Shining One was pleased with you.
You visited 3 branches of the dungeon, and saw 11 of its levels.
You also visited: Bailey.

You collected 628 gold pieces.

Inventory:

Hand Weapons
 a - a +0 long sword
 B - a +6 falchion of holy wrath
 T - a +1 flail of protection (weapon)
Missiles
 C - 11 poisoned darts (quivered)
Armour
 b - a +0 scale mail
 c - a +0 kite shield (worn)
 f - a +2 cloak (worn)
 j - a +0 pair of boots (worn)
 q - a +0 scale mail of poison resistance
 M - a +0 plate armour (worn)
 N - a +0 pair of gloves (worn)
Jewellery
 l - an uncursed ring of see invisible {unknown}
 o - an uncursed ring of protection from fire
 p - a +4 ring of evasion (right hand)
 r - an uncursed ring of willpower {unknown}
 v - an uncursed ring of stealth
 z - an uncursed ring of stealth
 G - a +4 ring of slaying (left hand)
Wands
 u - a wand of digging (6)
 H - a wand of paralysis (7)
 P - a wand of flame (20)
Scrolls
 e - 7 scrolls of teleportation
 h - a scroll of random uselessness
 k - 5 scrolls of blinking
 n - 5 scrolls of identify
 t - 2 scrolls of fog {unknown}
 w - a scroll of magic mapping
 x - 9 scrolls of remove curse {unknown}
 y - 2 scrolls of enchant armour {unknown}
 E - 3 scrolls of immolation {unknown}
 L - 2 scrolls of amnesia {unknown}
 Q - a scroll of silence {unknown}
 S - a scroll of fear
Potions
 g - 12 potions of curing {unknown}
 i - 2 potions of flight {unknown}
 m - 2 potions of ambrosia
 s - a potion of resistance
 A - 4 potions of mutation
 D - a potion of lignification {unknown}
 F - a potion of magic {unknown}
 I - 2 potions of brilliance {unknown}
 J - a potion of cancellation {unknown}
 K - a potion of degeneration {unknown}
 O - a potion of attraction {unknown}
 R - a potion of heal wounds


   Skills:
 + Level 9.9 Fighting
 * Level 12.0 Long Blades
 + Level 4.6 Armour
 + Level 5.1 Shields


You had 9 spell levels left.
You didn't know any spells.
Your spell library was empty.

Dungeon Overview and Level Annotations

Branches:
Dungeon (9/15)             Temple (1/1) D:6            Lair (1/6) D:8
 Bailey (visited)
    Orc: D:9-12

Altars:
Ashenzari
Cheibriados
Dithmenos
Elyvilon
Fedhas
Gozag
Hepliaklqana
Kikubaaqudgha
Makhleb
Nemelex Xobeh
Okawaru
Qazlal
Ru
Sif Muna
Trog
Uskayaw
Vehumet
Wu Jian
Xom
Yredelemnul
Zin
The Shining One

Annotations:
D:5 2 transporters, nothank2's ghost, novice FoFi
Lair:1 1 transporter


Innate Abilities, Weirdness & Mutations

You cannot be hasted, slowed, berserked, paralysed or teleported.
You can dig through walls and to a lower floor.
Your four strong arms can wield two-handed weapons with a shield.
You have a pair of large antennae on your head. (SInv)


Message History

The ten-headed hydra bites you but does no damage. x2
You block the ten-headed hydra's attack.
The ten-headed hydra barely misses you.
You sock the ten-headed hydra!
The ten-headed hydra is severely wounded.
The ten-headed hydra bites you but does no damage.
The ten-headed hydra bites you.
* * * LOW HITPOINT WARNING * * *
You block the ten-headed hydra's attack.
The ten-headed hydra bites you but does no damage.
The ten-headed hydra bites you.
* * * LOW HITPOINT WARNING * * *
You block the ten-headed hydra's attack. x3
The ten-headed hydra misses you.
The ten-headed hydra bites you but does no damage.
You sock the ten-headed hydra!
The ten-headed hydra is severely wounded.
You block the ten-headed hydra's attack. x3
The ten-headed hydra bites you!
You die...

...÷........ ######..#....#
.......##.## #..###.#.#
..##...P#.# ## ##..##...#
.....#.P#.####.# #..##.#.##
.#P...........## ###.#...#.P#
.#####.........######.........##
..........##............#...#P#
..#####P##......####..###.#####
..# ####......@# #..# #.# ..###
##....D## ##.# #.# ....##
#.....# ##.###.# .#...# ###.###
#P..##.## .#..## #.#
##.##..P#.## .....# #.#
#.>.....©..# .....# P.
#...#..###.... ##...# #
#...#.##.# #.. ....# #..##.# ##
.


You could see a ten-headed hydra.

Vanquished Creatures
  A black mamba (Lair:1)
  Joseph (D:7)
  A rime drake (Lair:1)
  A komodo dragon (D:9)
  A hornet (D:9)
  Eustachio (D:6)
  A wyvern (D:8)
  2 wargs
  3 water moccasins
  6 orc warriors
  An ice beast (D:8)
  3 phantoms
  3 centaurs
  5 bullfrogs
  3 killer bees (D:7)
  2 howler monkeys
  3 bullfrog zombies
  A centaur zombie (D:5)
  2 quasits
  A hound (D:5)
  2 jellies
  12 orc wizards
  2 bullfrog skeletons
  A centaur skeleton (D:5)
  5 orc priests
  An iguana (D:5)
  Terence (D:2)
  4 worker ants
  A hound skeleton (D:6)
  A howler monkey skeleton (D:8)
  4 gnolls
  11 adders
  2 white imps
  6 ufetubi
  An ooze (D:4)
  2 worms
  5 dart slugs
  3 leopard geckos
  27 orcs
  2 ball pythons
  2 bats
  3 giant cockroaches
  7 goblins
  6 hobgoblins
  13 jackals
  10 kobolds
  6 quokkas
  6 frilled lizards
  A jackal skeleton (D:4)
  A leopard gecko zombie (D:7)
  6 rats
196 creatures vanquished.

Vanquished Creatures (collateral kills)
  2 gnolls (D:3)
  2 orcs (D:7)
  A goblin (D:8)
  2 kobolds (Bailey)
7 creatures vanquished.

Vanquished Creatures (others)
  An orc wizard (D:6)
  An orc (D:6)
  A goblin (D:8)
  A quokka (D:6)
  5 fungi (Lair:1)
  3 plants (Lair:1)
12 creatures vanquished.

Grand Total: 215 creatures vanquished

Notes
Turn   | Place    | Note
-------+----------+-------------------------------------------
     0 | D:1      | nothank2 the Formicid Fighter began the quest for the Orb.
     0 | D:1      | Reached XP level 1. HP: 18/18 MP: 1/1
   203 | D:1      | Reached XP level 2. HP: 24/24 MP: 2/2
   456 | D:2      | Reached XP level 3. HP: 16/30 MP: 3/3
   464 | D:1      | Reached skill level 3 in Long Blades
  1072 | D:2      | Found a sparkling altar of Nemelex Xobeh.
  1252 | D:2      | Reached XP level 4. HP: 19/37 MP: 4/4
  1621 | D:2      | Noticed Terence
  1636 | D:2      | Killed Terence
  1637 | D:2      | Reached skill level 4 in Long Blades
  1718 | D:3      | Reached XP level 5. HP: 41/42 MP: 5/5
  1744 | D:3      | Found an iron altar of Okawaru.
  2071 | D:3      | Found a shadowy altar of Dithmenos.
  2100 | D:3      | Found a broken altar of Ashenzari.
  2111 | D:3      | Reached XP level 6. HP: 44/49 MP: 6/6
  2493 | D:4      | Reached skill level 5 in Long Blades
  2600 | D:4      | Noticed a phantom
  2627 | D:4      | Killed a phantom
  2628 | D:4      | Reached skill level 5 in Fighting
  2681 | D:4      | Found a snail-covered altar of Cheibriados.
  2996 | D:5      | Entered Level 5 of the Dungeon
  3023 | D:5      | Reached XP level 7. HP: 56/56 MP: 7/7
  3028 | D:5      | Reached skill level 6 in Long Blades
  3361 | D:5      | Noticed nothank2's ghost (novice FoFi)
  3362 | D:5      | Found a transporter.
  3411 | D:5      | Found a transporter.
  3428 | D:5      | Noticed Eustachio
  3482 | D:6      | Killed Eustachio
  3483 | D:6      | Reached skill level 7 in Long Blades
  3483 | D:6      | Reached XP level 8. HP: 29/64 MP: 8/8
  3940 | D:5      | Found a sacrificial altar of Ru.
  3940 | D:5      | Found a shimmering altar of Xom.
  3948 | D:5      | Found an ancient bone altar of Kikubaaqudgha.
  3950 | D:5      | Found a hide-covered altar of Uskayaw.
  3958 | D:5      | Found a faded altar of an unknown god.
  4279 | D:6      | Reached skill level 8 in Long Blades
  4463 | D:6      | Found a staircase to the Ecumenical Temple.
  4470 | Temple   | Entered the Ecumenical Temple
  4511 | Temple   | Became a worshipper of the Shining One
  6074 | D:7      | Reached XP level 9. HP: 72/72 MP: 9/9
  6078 | D:7      | Reached skill level 9 in Long Blades
  6656 | D:7      | Noticed Joseph
  6666 | D:7      | Killed Joseph
  6667 | D:7      | Reached skill level 10 in Long Blades
  6918 | D:8      | Reached * piety under the Shining One
  6990 | D:7      | HP: 3/75 [warg (9)]
  7354 | D:8      | Found a flagged portal.
  7370 | Bailey   | Entered a bailey
  7375 | Bailey   | Noticed an orc warlord
  7432 | Bailey   | Reached XP level 10. HP: 36/82 MP: 10/10
  7675 | Bailey   | Found a runed translucent gate.
  7675 | Bailey   | Found a runed translucent gate.
  7675 | Bailey   | Found a runed translucent gate.
  7795 | D:8      | Reached skill level 11 in Long Blades
  8145 | D:8      | Found a staircase to the Lair.
  8602 | D:9      | Found a hazy altar of Hepliaklqana.
  8992 | D:9      | Found a glowing golden altar of the Shining One.
  9206 | D:9      | Noticed a komodo dragon
  9215 | D:9      | Killed a komodo dragon
  9600 | D:9      | Reached ** piety under the Shining One
  9890 | Lair:1   | Entered Level 1 of the Lair of Beasts
  9913 | Lair:1   | Found a transporter.
  9921 | Lair:1   | Noticed a black mamba
  9934 | Lair:1   | Killed a black mamba
 10223 | Lair:1   | Noticed a rime drake
 10231 | Lair:1   | Killed a rime drake
 10232 | Lair:1   | Reached skill level 12 in Long Blades
 10232 | Lair:1   | Reached skill level 5 in Shields
 10312 | Lair:1   | Noticed a seven-headed hydra
 10460 | Lair:1   | The Shining One protects you from harm!
 10462 | Lair:1   | HP: 4/85 [ten-headed hydra (4)]
 10463 | Lair:1   | Slain by a ten-headed hydra

Illustrated notes

Levels and vault maps discovered:
D:1:      minmay_arrival_glassed_features, layout_rooms
D:2:      layout_rooms, nemelex_xobeh_ov_fountains_minmay, uniq_terence
D:3:      layout_loops_ring, okawaru_metal_pillars_3, grunt_temple_overflow_open
D:4:      layout_cave_pools, serial_bayou_pond_c, cheibriados_altar_1
D:5:      layout_loops_ring, chequers_temple_overflow_minitemple,
          gammafunk_ghost_mausoleum, uniq_eustachio
D:6:      layout_basic, minmay_temple_entry_arrows, mrwooster_statue_mirror,
          lemuel_flame_loot_1
D:7:      layout_rooms, uniq_joseph
D:8:      layout_cave_pods, erik_lair_orcish_takeover, enter_bailey_5,
          minmay_misc_feat_tiny
D:9:      kennysheep_spiral_hall, layout_stronghold, nzn_hepliaklqana_mist_gate,
          nicolae_tso_swordbearing_angel
Temple:   nicolae_temple_god_jail
Lair:1:   layout_loops_ring, gammafunk_ghost_abyssal_escape, uniq_urug

Skill      XL: |  1  2  3  4  5  6  7  8  9 10 |
---------------+-------------------------------+-----
Long Blades    | 3 4 5 7 8 10 12 | 12.0
Fighting       | 4 5 6 7 8 9 |  9.9
Shields        | 5 |  5.1
Armour         | 4 |  4.6

Action                   |  1- 3 |  4- 6 |  7- 9 | 10-12 || total
-------------------------+-------+-------+-------+-------++-------
Melee: Long sword        |    95 |   152 |    69 |       ||   316
       Falchion          |       |       |   192 |   129 ||   321
       Flail             |       |       |       |     5 ||     5
Throw: Dart              |       |     1 |     5 |     4 ||    10
Invok: Divine Shield     |       |       |       |     1 ||     1
  Use: Scroll            |       |       |     9 |       ||     9
       Potion            |       |       |       |     1 ||     1
Armor: Scale mail        |    77 |    76 |    43 |       ||   196
       Plate armour      |       |       |    57 |    85 ||   142
Dodge: Dodged            |    35 |    45 |   135 |    55 ||   270
Block: Kite shield       |    78 |    62 |   129 |    98 ||   367
       Rpst.: Long sword |    12 |    11 |     8 |       ||    31
       Falchion          |       |       |    28 |     8 ||    36
